 Dungeon Crawl Stone Soup version 0.19.0-11-g3fc08b3 (webtiles) character file.

28500 JeffiDaFish the Basher (level 13, -3/83 HPs)
             Began as a Gargoyle Fighter on Nov 9, 2016.
             Was a High Priest of Makhleb.
             Killed from afar by an ice dragon (39 damage)
             ... with a blast of cold
             ... in an ice cave.
             The game lasted 00:37:33 (15253 turns).

JeffiDaFish the Basher (Gargoyle Fighter)          Turns: 15253, Time: 00:37:34

Health: -3/83      AC: 31    Str: 21    XL:     13   Next: 39%
Magic:  19/19      EV: 10    Int: 11    God:    Makhleb [*****.]
Gold:   1037       SH: 16    Dex: 14    Spells: 2 memorised, 13 levels left

rFire  . . .     SeeInvis .     a - +3 flail
rCold  . . .     Gourm    .     g - +2 plate armour
rNeg   + . .     Faith    .     c - +3 shield
rPois  ∞         Spirit   .     j - +0 hat {MR+}
rElec  +         Reflect  .     (no cloak)
rCorr  .         Harm     .     b - +2 pair of gloves {Dex+3}
MR     +....                    h - +1 pair of boots
Stlth  ..........               (no amulet)
                                k - ring of flight
                                o - +2 ring of evasion

@: no status effects
A: blurry vision 1, negative energy resistance 1, electricity resistance, wild
magic 1, unbreathing, petrification resistance, rot immunity, sturdy frame 1, AC
+9
a: Minor Destruction, Lesser Servant of Makhleb, Major Destruction, Greater
Servant of Makhleb, Renounce Religion, Evoke Flight


You were in an ice cave.
You worshipped Makhleb.
Makhleb was extremely pleased with you.
You were not hungry.

You visited 2 branches of the dungeon, and saw 16 of its levels.
You also visited: Ice Cave.

You collected 1037 gold pieces.

Inventory:

Hand Weapons
 a - a +3 flail (weapon)
Armour
 b - a +2 pair of gloves of dexterity (worn)
 c - a +3 shield (worn)
 g - a +2 plate armour (worn)
 h - a +1 pair of boots (worn)
 j - a +0 hat of magic resistance (worn)
Jewellery
 k - a ring of flight (right hand)
 o - a +2 ring of evasion (left hand)
 A - an uncursed amulet of magic regeneration
 E - an uncursed amulet of faith
Wands
 s - a wand of paralysis (9/24)
 u - a wand of teleportation (9/9)
 C - a wand of digging (12/24)
 K - a wand of lightning (7/15)
 L - a wand of acid (5/15)
 N - a wand of digging (16/24)
Scrolls
 d - 2 scrolls of amnesia
 e - 5 scrolls of identify
 l - 5 scrolls of remove curse
 q - 4 scrolls of teleportation
 t - a scroll of magic mapping
 w - a scroll of fog
 x - 2 scrolls of recharging
Potions
 D - a potion of invisibility
 F - a potion of cancellation
 G - a potion of brilliance
Books
 p - a book of Maledictions

   Spells                             Type                      Level
   a - Corona                         Hexes                        1
   b - Ensorcelled Hibernation        Hexes/Ice                    2
   c - Confuse                        Hexes                        3
   d - Tukima's Dance                 Hexes                        3
   e - Dazzling Spray                 Conjuration/Hexes            3
 r - the Catalogue of Hexes and Attacks
   (You found it on level 1 of the Lair of Beasts)

   Spells                             Type                      Level
   a - Gell's Gravitas                Hexes/Translocation          3
   b - Sticky Flame                   Conjuration/Fire             4
   c - Bolt of Cold                   Conjuration/Ice              6
   d - Orb of Destruction             Conjuration                  7
 B - a book of Battle

   Spells                             Type                      Level
   a - Infusion                       Charms                       1
   b - Shroud of Golubria             Charms/Translocation         2
   c - Song of Slaying                Charms                       2
   d - Spectral Weapon                Hexes/Charms                 3
   e - Regeneration                   Charms/Necromancy            3
 H - a book of Party Tricks

   Spells                             Type                      Level
   a - Summon Butterflies             Summoning                    1
   b - Apportation                    Translocation                1
   c - Lesser Beckoning               Translocation                3
   d - Tukima's Dance                 Hexes                        3
   e - Alistair's Intoxication        Transmutation/Poison         5
   f - Invisibility                   Hexes                        6
 M - a book of the Sky

   Spells                             Type                      Level
   a - Summon Lightning Spire         Summoning/Air                4
   b - Airstrike                      Air                          4
   c - Silence                        Hexes/Air                    5
   d - Deflect Missiles               Charms/Air                   6
   e - Conjure Ball Lightning         Conjuration/Air              6
   f - Tornado                        Air                          9
Comestibles
 f - 9 bread rations
 i - 8 meat rations
 m - 9 beef jerkies
 n - 2 slices of pizza
 v - 5 chunks of flesh
 z - 7 fruits


   Skills:
 * Level 10.6 Fighting
 * Level 12.2 Maces & Flails
 * Level 10.2 Armour
 - Level 1.7 Dodging
 - Level 1.2 Stealth
 * Level 11.7 Shields
 - Level 0.2 Unarmed Combat
 + Level 4.0 Spellcasting
 + Level 4.7 Conjurations
 + Level 3.8 Hexes
 + Level 4.2 Fire Magic


You had 13 spell levels left.
You knew the following spells:

 Your Spells              Type           Power        Failure   Level  Hunger
a - Confuse               Hex            ##......     99%         3    ###....
b - Sticky Flame          Conj/Fire      ###.....     100%        4    #####..


Dungeon Overview and Level Annotations

Branches:
Dungeon (10/15)            Temple (0/1) D:7            Lair (6/6) D:10
  Swamp (0/4) Lair:3        Snake (0/4) Lair:4
  Slime: Lair:5-6       Orc: D:9-12

Altars:
Ashenzari
Dithmenos
Fedhas
Gozag
Kikubaaqudgha
Makhleb
Nemelex Xobeh
Vehumet
Xom
Yredelemnul
The Shining One

Annotations:
D:8 Maurice


Innate Abilities, Weirdness & Mutations

You are resistant to torment.
Your stone body is resilient. (AC +9)
You are immune to poison.
You resist negative energy. (rN+)
You are resistant to electric shocks. (rElec)
You can survive without breathing.
You are immune to petrification.
You are immune to rotting.
Scrolls take you a little longer to read.
Your spells are a little harder to cast, but a little more powerful.
Your movements are slightly less encumbered by armour. (ER -2)


Message History

The ice dragon tramples you but does no damage.
You hit the ice dragon but do no damage.
The ice dragon is moderately wounded.
The ice dragon bites you but does no damage.
You block the ice dragon's attack. x2
You hit the ice dragon but do no damage.
The ice dragon is moderately wounded.
You closely miss the ice dragon.
The ice dragon is moderately wounded.
You block the ice dragon's attack. The ice dragon claws you.
The ice dragon tramples you but does no damage.
You hit the ice dragon.
The ice dragon is moderately wounded.
You block the ice dragon's attack. The ice dragon closely misses you.
The ice dragon completely misses you.
You hit the ice dragon but do no damage.
The ice dragon is moderately wounded.
The ice dragon breathes frost at you. The blast of cold hits you!
You die...

≈≈≈≈ ######..
≈≈≈≈≈
##......#
#≈≈≈≈≈≈
##....####
#.#≈### ###
##..#### #..#
##.###..##
#....#.##
#.##...# .
###..##### .D.
##@##...#
.D...#D.....##
#...D..####
########


You could see 2 ice dragons.

Vanquished Creatures
  3 hydras
  5 death yaks (Lair:4)
  Erica (D:8)
  The ghost of lutcikaur the Grappler, a novice TrMo of Okawaru (D:8)
  The ghost of Sestren413 the Covert, a novice NaVM of Okawaru (D:6)
  2 ice statues (IceCv)
  8 spiny frogs
  4 black mambas
  3 rime drakes
  2 komodo dragons
  5 dream sheep (Lair:5)
  Grinder (D:3)
  9 blink frogs
  4 hippogriffs
  Sigmund (D:3)
  4 wyverns
  7 yaks
  2 basilisks
  A steam dragon (D:7)
  4 nagas (Lair:4)
  11 water moccasins
  7 porcupines
  2 sky beasts
  23 ice beasts
  A hornet zombie (D:10)
  2 orc warriors (D:8)
  2 phantoms (D:8)
  7 ogres
  2 black bears
  8 wolves
  5 centaurs
  6 necrophages
  6 crocodiles
  A big kobold (D:8)
  11 bullfrogs
  3 scorpions
  3 vampire bats (Lair:5)
  3 howler monkeys
  3 electric eels (Lair:4)
  A crimson imp (D:7)
  A centaur zombie (D:6)
  A hound (D:6)
  A bullfrog zombie (D:7)
  6 orc priests
  A bullfrog skeleton (D:9)
  3 centaur skeletons
  3 jellies
  3 iron imps (D:4)
  2 gnoll shamans (D:8)
  Natasha (thrice) (D:2)
  3 iguanas
  5 orc wizards
  3 worker ants
  2 hound zombies
  A howler monkey zombie (D:10)
  Robin (D:3)
  9 gnolls (D:8)
  17 adders
  2 shadow imps
  An adder skeleton (D:4)
  3 adder zombies
  2 worms
  A dart slug (D:1)
  4 leopard geckos
  32 orcs
  7 giant cockroaches
  15 goblins
  10 hobgoblins
  9 jackals
  3 quokkas
  2 ball pythons
  14 bats
  3 frilled lizards
  13 kobolds
  12 rats
373 creatures vanquished.

Vanquished Creatures (others)
  A goblin (D:3)
  4 fungi
5 creatures vanquished.

Grand Total: 378 creatures vanquished

Notes
Turn   | Place    | Note
-------+----------+-------------------------------------------
     0 | D:1      | JeffiDaFish the Gargoyle Fighter began the quest for the Orb.
     0 | D:1      | Reached XP level 1. HP: 14/14 MP: 1/1
   156 | D:1      | Reached XP level 2. HP: 19/19 MP: 2/2
   524 | D:1      | Reached XP level 3. HP: 24/24 MP: 3/3
   980 | D:2      | Reached XP level 4. HP: 27/29 MP: 4/4
  1175 | D:2      | Found a blossoming altar of Fedhas.
  1225 | D:2      | Reached skill level 3 in Maces & Flails
  1328 | D:2      | Noticed Natasha
  1353 | D:2      | Killed Natasha
  1424 | D:2      | Noticed Natasha
  1443 | D:2      | Killed Natasha
  1443 | D:2      | Reached XP level 5. HP: 2/33 MP: 5/5
  1639 | D:2      | Noticed Natasha
  1646 | D:2      | Killed Natasha
  1847 | D:2      | Found a shimmering altar of Xom.
  2097 | D:3      | Noticed Robin
  2130 | D:3      | Killed Robin
  2323 | D:3      | Reached skill level 4 in Maces & Flails
  2323 | D:3      | Reached XP level 6. HP: 33/38 MP: 6/6
  2495 | D:3      | Found a glowing golden altar of the Shining One.
  2519 | D:3      | Noticed Sigmund
  2538 | D:3      | Killed Sigmund
  2538 | D:3      | Reached skill level 1 in Dodging
  2734 | D:3      | Found an opulent altar of Gozag.
  2788 | D:3      | Noticed Grinder
  2804 | D:3      | Killed Grinder
  2804 | D:3      | Reached skill level 5 in Maces & Flails
  2804 | D:3      | Reached skill level 5 in Shields
  2804 | D:3      | Reached XP level 7. HP: 29/44 MP: 7/7
  2874 | D:3      | Reached skill level 5 in Armour
  3410 | D:4      | Found a burning altar of Makhleb.
  3433 | D:4      | Reached skill level 5 in Fighting
  3441 | D:4      | Reached XP level 8. HP: 45/49 MP: 8/8
  3452 | D:4      | Became a worshipper of Makhleb the Destroyer
  3502 | D:4      | Reached skill level 6 in Maces & Flails
  3692 | D:4      | Found a faded altar of an unknown god.
  3692 | D:4      | Found a radiant altar of Vehumet.
  3697 | D:4      | Found an ancient bone altar of Kikubaaqudgha.
  3699 | D:4      | Found a basalt altar of Yredelemnul.
  3700 | D:4      | Found a sparkling altar of Nemelex Xobeh.
  3840 | D:4      | Found a shattered altar of Ashenzari.
  3908 | D:5      | Entered Level 5 of the Dungeon
  3976 | D:5      | Found a shadowy altar of Dithmenos.
  4643 | D:5      | Reached skill level 7 in Maces & Flails
  5162 | D:6      | Reached XP level 9. HP: 42/55 MP: 9/9
  5168 | D:6      | Gained mutation: Your movements are slightly less encumbered by armour. (ER -2) [potion of mutation]
  5168 | D:6      | Gained mutation: Your spells are a little harder to cast, but a little more powerful. [potion of mutation]
  5168 | D:6      | Gained mutation: Scrolls take you a little longer to read. [potion of mutation]
  5532 | D:6      | Noticed Sestren413's ghost (novice NaVM)
  5564 | D:6      | Killed Sestren413's ghost
  5564 | D:6      | Reached * piety under Makhleb
  5564 | D:6      | Reached skill level 8 in Maces & Flails
  5564 | D:6      | Reached skill level 1 in Stealth
  6466 | D:7      | Reached skill level 9 in Maces & Flails
  6724 | D:7      | Reached XP level 10. HP: 61/61 MP: 10/10
  6759 | D:7      | Found a staircase to the Ecumenical Temple.
  7034 | D:8      | Reached ** piety under Makhleb
  7040 | D:8      | Noticed Maurice
  7595 | D:8      | Noticed Erica
  7637 | D:8      | Killed Erica
  7637 | D:8      | Reached skill level 10 in Maces & Flails
  8209 | D:8      | Noticed lutcikaur's ghost (novice TrMo)
  8257 | D:8      | Killed lutcikaur's ghost
  8627 | D:9      | Learned a level 3 spell: Confuse
  8659 | D:9      | Reached *** piety under Makhleb
  8829 | D:10     | Entered Level 10 of the Dungeon
  9338 | D:10     | Reached XP level 11. HP: 68/68 MP: 11/11
  9477 | D:10     | Found a staircase to the Lair.
  9541 | D:10     | Reached skill level 1 in Spellcasting
  9757 | Lair:1   | Entered Level 1 of the Lair of Beasts
  9794 | Lair:1   | Identified the Catalogue of Hexes and Attacks
  9828 | Lair:1   | Reached skill level 1 in Hexes
  9955 | Lair:1   | Reached skill level 11 in Maces & Flails
 10130 | Lair:1   | Reached skill level 10 in Shields
 10407 | Lair:2   | Learned a level 4 spell: Sticky Flame
 11165 | Lair:2   | Found a basalt altar of Yredelemnul.
 11212 | Lair:2   | Reached skill level 1 in Conjurations
 11212 | Lair:2   | Reached skill level 1 in Fire Magic
 11221 | Lair:3   | Noticed a six-headed hydra
 11271 | Lair:2   | Killed a six-headed hydra
 11424 | Lair:3   | Reached **** piety under Makhleb
 11479 | Lair:3   | Found a staircase to the Swamp.
 11577 | Lair:3   | Got an ivory rapier
 11578 | Lair:3   | Identified the cursed +0 rapier "Nesireqod" {flame, rElec MR+ Dex+4} (You found it on level 3 of the Lair of Beasts)
 11592 | Lair:3   | Reached XP level 12. HP: 76/76 MP: 15/15
 12247 | Lair:4   | Noticed a five-headed hydra
 12271 | Lair:4   | Killed a five-headed hydra
 12708 | Lair:4   | Noticed a six-headed hydra
 12720 | Lair:4   | Killed a six-headed hydra
 12731 | Lair:4   | Found a staircase to the Snake Pit.
 12981 | Lair:4   | Noticed a death yak
 12981 | Lair:4   | Noticed a death yak
 12982 | Lair:4   | Noticed a death yak
 12982 | Lair:4   | Noticed a death yak
 12982 | Lair:4   | Noticed a death yak
 13068 | Lair:4   | Killed a death yak
 13092 | Lair:4   | Killed a death yak
 13105 | Lair:4   | Killed a death yak
 13121 | Lair:4   | Killed a death yak
 13144 | Lair:4   | Killed a death yak
 13222 | Lair:4   | Reached skill level 10 in Fighting
 13579 | Lair:5   | Reached XP level 13. HP: 82/82 MP: 18/18
 13901 | Lair:5   | Reached skill level 12 in Maces & Flails
 13984 | Lair:5   | Reached skill level 10 in Armour
 14257 | Lair:6   | Entered Level 6 of the Lair of Beasts
 14311 | Lair:6   | Found a frozen archway.
 14409 | IceCv    | Entered an ice cave
 14599 | IceCv    | Reached ***** piety under Makhleb
 14815 | IceCv    | HP: 2/83 [ice statue/bolt of cold (20)]
 15238 | IceCv    | Noticed an ice dragon
 15239 | IceCv    | Noticed an ice dragon
 15253 | IceCv    | Killed from afar by an ice dragon

Skill      XL: |  1  2  3  4  5  6  7  8  9 10 11 12 13 |
---------------+----------------------------------------+-----
Maces & Flails | 3 4 5 7 9 10 11 12 | 12.2
Armour         | 4 5 6 7 8 9 10 | 10.2
Fighting       | 4 5 6 8 9 10 | 10.6
Shields        | 4 5 6 8 9 10 11 | 11.7
Dodging        | 1 |  1.7
Stealth        | 1 |  1.2
Spellcasting   | 2 3 4 |  4.0
Hexes          | 2 3 |  3.8
Conjurations   | 2 4 |  4.7
Fire Magic     | 2 3 4 |  4.2
Unarmed Combat | |  0.2

Action                   |  1- 3 |  4- 6 |  7- 9 | 10-12 | 13-15 || total
-------------------------+-------+-------+-------+-------+-------++-------
Melee: Flail             |   110 |   238 |   547 |  1271 |   402 ||  2568
       Unarmed           |       |       |       |     4 |       ||     4
  Use: Scroll            |     2 |     2 |     5 |    15 |     2 ||    26
       Potion            |     3 |     3 |     3 |     9 |     2 ||    20
 Stab: Invisible         |     1 |       |       |       |       ||     1
  Eat: Chunk             |     1 |     6 |    14 |    17 |       ||    38
       Bread ration      |       |       |       |     1 |       ||     1
       Meat ration       |       |       |       |     1 |     1 ||     2
Armor: Scale mail        |    61 |   143 |    30 |       |       ||   234
       Plate armour      |       |       |   364 |   677 |   225 ||  1266
Dodge: Dodged            |    36 |    78 |   117 |   346 |   155 ||   732
Block: Shield            |    63 |   118 |   349 |   716 |   390 ||  1636
